 Dungeon Crawl Stone Soup version 0.24-a0-19-g0b81bb8f68 (webtiles) character file.

Game seed: 8683840042724914048

53 Roikka the Charmwright (level 4, -3/33 HPs)
             Began as a Human Skald on Feb 1, 2019.
             Killed from afar by an orc wizard (10 damage)
             ... with a puff of flame
             ... on level 1 of the Dungeon.
             The game lasted 00:07:16 (1494 turns).

Roikka the Charmwright (Human Skald)                Turns: 1494, Time: 00:07:18

Health: -3/33      AC:  3    Str: 13    XL:     4   Next: 10%
Magic:  7/7        EV: 11    Int: 13    God:
Gold:   23         SH:  0    Dex: 12    Spells: 3/8 levels left

rFire    . . .     SeeInvis .   a - +0 falchion
rCold    . . .     Gourm    .   (no shield)
rNeg     . . .     Faith    .   o - -2 ring mail (curse)
rPois    .         Spirit   .   (no helmet)
rElec    .         Reflect  .   (no cloak)
rCorr    .         Harm     .   (no gloves)
MR       +....                  (no boots)
Stlth    +.........             (no amulet)
HPRegen  0.11/turn              k - ring of protection from magic
MPRegen  0.10/turn              (no ring)

@: no status effects
A: no striking features
a: no special abilities


You were on level 1 of the Dungeon.
You were not hungry.

You visited 1 branch of the dungeon, and saw 2 of its levels.

You collected 23 gold pieces.

Inventory:

Hand Weapons
 a - a +0 falchion (weapon)
 b - a +2 hunting sling of freezing
Missiles
 h - 30 stones (quivered)
Armour
 e - a +0 leather armour
 o - a cursed -2 ring mail (worn)
Jewellery
 k - a ring of protection from magic (left hand)
Scrolls
 c - a scroll of amnesia {unknown}
Potions
 f - a potion of ambrosia {unknown}
 g - a potion of heal wounds
 i - 2 potions of haste {unknown}
 n - 2 potions of degeneration {unknown}
Comestibles
 d - a ration
 m - 2 chunks of flesh


   Skills:
 - Level 2.0 Fighting
 + Level 2.5 Long Blades
 + Level 0.3 Slings
 + Level 1.9 Armour
 - Level 2.0 Dodging
 + Level 2.5 Spellcasting
 + Level 3.4 Charms


You had 3 spell levels left.
You knew the following spells:

 Your Spells              Type           Power        Failure   Level  Hunger
a - Infusion              Chrm           ##..         12%         1    #......
b - Song of Slaying       Chrm           ##......     19%         2    ###....
c - Shroud of Golubria    Chrm/Tloc      #.........   36%         2    ###....

Your spell library contained the following spells:

 Spells                   Type           Power        Failure   Level  Hunger
 Regeneration             Chrm/Necr      #.........   58%         3    ###....
 Spectral Weapon          Hex/Chrm       #.......     58%         3    ###....


Dungeon Overview and Level Annotations

Branches:
Dungeon (2/15)

Altars:


Message History

The orc wizard is moderately wounded.
The orc wizard hits you but does no damage.
The orc wizard hits you with a +0 dagger.
You hit the orc wizard.
The orc wizard is heavily wounded.
The orc wizard hits you but does no damage.
You closely miss the orc wizard.
The orc wizard is heavily wounded.
The orc wizard hits you but does no damage.
The orc wizard completely misses you.
You riposte.
You hit the orc wizard but do no damage.
The orc wizard is heavily wounded.
You hit the orc wizard.
The orc wizard is severely wounded.
The orc wizard points at you and mumbles some strange words.
The magic dart hits you.
* * * LOW HITPOINT WARNING * * *
The orc wizard casts a spell at you. The puff of flame hits you!
You die...

.........####.##<.....≈≈≈≈.......
.[.#####.####.##.......≈≈≈.......
...# #.....##.##.......≈≈≈.......
...###.....##.##.......≈≈≈≈......
.....#........##.................
..............##.......≈≈≈≈......
#.............##........≈≈≈......
#####.........##........≈≈≈......
#.........###.##@o......≈≈≈≈.....
#.........# #.###########≈≈≈#####
#.........# #.# #≈≈≈≈#
.##....#.####.# ##≈≈≈≈#
.'............# ###≈≈≈
.##....#......######## ###
.#.....#.............#
.#.....#.#...##......#
.#....##.#...##......#


You could see an orc wizard.

Vanquished Creatures
  2 adders
  A dart slug (D:1)
  2 orcs (D:2)
  3 goblins (D:1)
  3 hobgoblins
  4 jackals (D:1)
  A ball python (D:1)
  4 bats (D:1)
  A frilled lizard (D:1)
  5 kobolds
  6 rats
32 creatures vanquished.

Notes
Turn   | Place    | Note
-------+----------+-------------------------------------------
     0 | D:1      | Roikka the Human Skald began the quest for the Orb.
     0 | D:1      | Reached XP level 1. HP: 16/16 MP: 3/3
   334 | D:1      | Reached XP level 2. HP: 20/22 MP: 5/5
   665 | D:1      | Learned a level 2 spell: Song of Slaying
   668 | D:1      | Learned a level 2 spell: Shroud of Golubria
   851 | D:1      | Reached XP level 3. HP: 22/27 MP: 6/6
  1448 | D:2      | Reached XP level 4. HP: 33/33 MP: 7/7
  1480 | D:2      | HP: 1/33 [orc wizard/+0 dagger (5)]
  1494 | D:1      | Killed from afar by an orc wizard

Vault maps used:
D:1:      lemuel_arrival_river_bridge
D:2:      okawaru_metal_pillars_1_2, hangedman_feature_mirror

Action                   |  1- 3 |  4- 6 || total
-------------------------+-------+-------++-------
Melee: Falchion          |    75 |     6 ||    81
 Fire: Hunting sling     |    12 |     8 ||    20
 Cast: Infusion          |     4 |       ||     4
       Song of Slaying   |     1 |       ||     1
  Use: Scroll            |     3 |       ||     3
       Potion            |       |     1 ||     1
  Eat: Chunk             |     2 |       ||     2
Armor: Leather armour    |    17 |       ||    17
       Ring mail         |     5 |     5 ||    10
Dodge: Dodged            |    61 |    10 ||    71
       Rpst.: Falchion   |    14 |     1 ||    15

Table legend:
 A = Non-vault XP
 B = Vault XP
 C = Vault XP percentage of total XP
 D = Non-vault monster count
 E = Vault monster count
 F = Vault count percentage of total count
                 A         B        C        D         E       F
            +---------+---------+-------+---------+---------+-------
      Total |      76 |       0 |   0.0 |      32 |       0 |   0.0
            +---------+---------+-------+---------+---------+-------
        D:1 |      47 |       0 |   0.0 |      21 |       0 |   0.0
        D:2 |      29 |       0 |   0.0 |      11 |       0 |   0.0
            +---------+---------+-------+---------+---------+-------
